 Seeded DCSS version 0.31-a0-182-gc5ef74bbde (webtiles) character file.

Game seed: 3425585917399930565 (custom seed)

237 innerfire43 the Chopper (level 5, -4/42 HPs)
             Began as a Demonspawn Monk on June 20, 2023.
             Was a Priest of Cheibriados.
             Slain by Duvessa
             ... wielding a +0 short sword of freezing
              (6 damage)
             ... on level 4 of the Dungeon.
             The game lasted 00:02:54 (2441 turns).

innerfire43 the Chopper (Demonspawn Monk)           Turns: 2441, Time: 00:02:55

Health: -4/42      AC: 11    Str: 26    XL:     5   Next: 77%
Magic:  5/5        EV: 12    Int: 19    God:    Cheibriados [***...]
Gold:   202        SH:  0    Dex: 21    Spells: 4/4 levels left

rFire   . . .        a - +0 hand axe
rCold   . . .        d - orb {light}
rNeg    . . .        q - +0 scale mail
rPois   .            (helmet restricted)
rElec   .            n - +0 cloak
rCorr   .            (no gloves)
SInv    .            (no boots)
Will    .....        (no amulet)
Stlth   +            j - +4 ring of protection
HPRegen 0.27/turn    m - +6 ring of strength
MPRegen 0.09/turn

%: no passive effects
@: glowing, very slow
A: antennae 1, big brain 1, demonic magic 2
a: Renounce Religion, Bend Time, Temporal Distortion


You were on level 4 of the Dungeon.
You worshipped Cheibriados.
Cheibriados was most pleased with you.
You visited 1 branch of the dungeon, and saw 4 of its levels.

You collected 202 gold pieces.

Inventory:

Hand Weapons
 a - a +0 hand axe (weapon)
Armour
 b - a +0 robe
 d - an orb of light (worn)
 l - a +0 helmet
 n - a +0 cloak (worn)
 q - a +0 scale mail (worn)
Jewellery
 j - a +4 ring of protection (left hand)
 m - a +6 ring of strength (right hand)
 t - a ring of magical power
Wands
 w - a wand of charming (15)
Scrolls
 f - 2 scrolls of poison {unknown}
 g - 3 scrolls of identify {unknown}
 i - a scroll of noise {unknown}
 p - a scroll of acquirement {unknown}
 s - a scroll of fear {unknown}
 u - a scroll of vulnerability {unknown}
 v - a scroll of silence {unknown}
Potions
 c - a potion of ambrosia
 e - 4 potions of curing {unknown}
 h - 4 potions of might {unknown}
 k - 2 potions of attraction {unknown}
 o - a potion of brilliance {unknown}
 r - a potion of haste {unknown}
 x - a potion of heal wounds {unknown}


   Skills:
 + Level 4.0 Fighting
 + Level 4.5 Axes
 * Level 1.4 Armour
 - Level 3.3 Dodging
 - Level 0.7 Stealth


You had 4 spell levels left.
You didn't know any spells.
Your spell library contained the following spells:

 Spells                   Type           Power      Damage    Failure   Level
 Animate Dead             Necr           0%         N/A       99%         4
 Haunt                    Necr/Summ      0%         N/A       100%        7
 Infestation              Necr           0%         N/A       100%        8


Dungeon Overview and Level Annotations

Branches:
Dungeon (4/15)
 Temple: D:4-7

Altars:
Cheibriados

Annotations:
D:4 Duvessa


Innate Abilities, Weirdness & Mutations

You have a pair of small antennae on your head.
You have an unusually large brain. (Int +2)
Spells you cast may paralyse nearby enemies.


Message History

The orc hits you with a +3 mace.
* * * LOW HITPOINT WARNING * * *
The orc wizard gestures at you while chanting.
The puff of flame misses you.
The puff of flame hits the orc.
The orc dies!
The orc wizard hits you but does no damage.
Items here: )) [ †.
You hit the orc wizard.
The orc wizard is severely wounded.
The orc wizard hits you but does no damage.
The orc wizard hits you but does no damage.
You feel less confused.
The orc wizard hits you but does no damage.
The orc wizard closely misses you.
There is a stone staircase leading down here.
The orc wizard casts a spell at you. You resist with some effort.
You barely miss the orc wizard.
The orc wizard is severely wounded.
The orc wizard misses you.
You hit the orc wizard but do no damage.
The orc wizard is severely wounded.
The orc wizard closely misses you.
You slash the orc wizard!
You kill the orc wizard!
Cheibriados appreciates the change of pace.
Your life force feels restored.
Things that are here:
a +0 dagger; a +0 robe; an orc corpse Duvessa, Sister of Dowan comes into view.
She is wielding a +0 short sword of freezing.
Things that are here:
a +3 mace; a +0 leather armour; an orc corpse Duvessa shouts!
Duvessa goes berserk!
Items here: )) [ †.
Okay, then.
Duvessa hits you with a +0 short sword of freezing!
* * * LOW HITPOINT WARNING * * *
Duvessa freezes you.
You die...

..##.# .. ... ...
..#..####.. ... #..
....#.... ..## ###..
##.....# ....#
....###.....# #.....
#..........##.....
##........!....#
#......).)).<..#
..##....).@..#....#~#.
#......>.e...#..#..~..
#.............†...(~...
#.##.##.###........~...
. ..# #.#...##.#...~...
.... .......###...~...
... ........# #.#~#..
.. #........# .#~~~
...... .# #.


You could see Duvessa (berserk).

Vanquished Creatures
  Dowan (D:4)
  Terence (D:2)
  An orc wizard (D:4)
  Robin (D:2)
  An adder (D:2)
  3 gnolls (D:3)
  A shadow imp (D:3)
  An ufetubus (D:4)
  2 orcs (D:4)
  2 ball pythons (D:2)
  3 endoplasms
  4 giant cockroaches
  19 goblins
  10 hobgoblins
  A quokka (D:2)
  2 bats
  8 frilled lizards
  3 kobolds
  7 rats
71 creatures vanquished.

Vanquished Creatures (others)
  An orc (D:4)
1 creature vanquished.

Grand Total: 72 creatures vanquished

Notes
Turn   | Place    | Note
-------+----------+-------------------------------------------
     0 | D:1      | innerfire43 the Demonspawn Monk began the quest for the
                  | Orb.
     0 | D:1      | Reached XP level 1. HP: 18/18 MP: 1/1
   256 | D:1      | Gained mutation: Spells you cast may paralyse adjacent
                  | enemies. [demonic ancestry]
   256 | D:1      | Reached XP level 2. HP: 22/24 MP: 2/2
   868 | D:2      | Noticed Robin
   872 | D:2      | Gained mutation: Spells you cast may paralyse nearby
                  | enemies. [demonic ancestry]
   872 | D:2      | Reached XP level 3. HP: 18/29 MP: 3/3
   888 | D:2      | Killed Robin
  1172 | D:2      | Gained mutation: You have a pair of small antennae on your
                  | head. [demonic ancestry]
  1172 | D:2      | Reached XP level 4. HP: 34/36 MP: 4/4
  1532 | D:2      | Noticed Terence
  1551 | D:2      | Killed Terence
  1979 | D:3      | Gained mutation: You have an unusually large brain. (Int
                  | +2) [demonic ancestry]
  1979 | D:3      | Reached XP level 5. HP: 26/42 MP: 5/5
  2118 | D:3      | Found a faded altar of an unknown god.
  2134 | D:3      | Prayed at the altar of an unknown god.
  2134 | D:3      | Became a worshipper of Cheibriados the Contemplative
  2134 | D:3      | Reached * piety under Cheibriados
  2134 | D:3      | Reached ** piety under Cheibriados
  2397 | D:4      | Noticed Dowan
  2400 | D:4      | Reached *** piety under Cheibriados
  2419 | D:4      | Killed Dowan
  2420 | D:4      | Reached skill level 1 in Armour
  2439 | D:4      | Noticed Duvessa
  2441 | D:4      | HP: 2/42 [Duvessa/+0 short sword of freezing (15)]
  2441 | D:4      | Slain by Duvessa

Illustrated notes

Levels and vault maps discovered:
D:1:      dpeg_arrival_more_subterranean_lakeside_camping, layout_basic
D:2:      layout_basic, minmay_small_reverse_x, uniq_terence, uniq_robin
D:3:      layout_rooms, lemuel_crystal_altar,
          ebering_ecumenical_altar_petrified, serial_rivers,
          chequers_serial_rivers_small_b, chequers_serial_rivers_micro_c,
          chequers_serial_rivers_small_a, chequers_serial_rivers_large_b,
          chequers_serial_rivers_micro_e, chequers_serial_rivers_small_a
D:4:      layout_cave_pools, mainiacjoe_overflow_tiny_flanked,
          nicolae_overflow_crystal_walls, minmay_temple_entry_water_ring,
          sigmund_army, uniq_duvessa

Skill      XL: |  1  2  3  4  5 |
---------------+----------------+-----
Axes           | 3 4 |  4.5
Dodging        | 3 |  3.3
Fighting       | 4 |  4.0
Armour         | 1 |  1.4
Stealth        | |  0.7

Action                     |  1- 3 |  4- 6 || total
---------------------------+-------+-------++-------
  Melee: Hand axe          |   107 |    99 ||   206
 Armour: Robe              |    26 |    14 ||    40
         Scale mail        |       |    36 ||    36
  Dodge: Dodged            |    63 |    69 ||   132

Table legend: (Time is in decaauts)
 A = Elapsed time spent in this place.
 B = Non-inter-level travel time spent in this place.
 C = Inter-level travel time spent in this place.
 D = Time resting spent in this place.
 E = Time spent auto-exploring this place.
 F = Levels seen in this place.
 G = Mean time per level.
                   A        B        C        D        E       F      G
               +--------+--------+--------+--------+--------+-----+--------+
         Total |   2648 |   2597 |     51 |      0 |   2064 |   4 |  662.0 |
       Dungeon |   2648 |   2597 |     51 |      0 |   2064 |   4 |  662.0 |
               +--------+--------+--------+--------+--------+-----+--------+

Top non-repeatable levels by time:
     D:2: 926 daAuts
     D:1: 866 daAuts
     D:3: 795 daAuts
     D:4: 60 daAuts
